 Dungeon Crawl Stone Soup version 0.32-a0-975-g85d4e5bfdb (webtiles) character file.

Game seed: 8664249375404128469

15493 Esekla the Magician (level 12, -16/89 HPs)
             Began as a Demonspawn Wanderer on Apr 19, 2024.
             Was a Follower of Uskayaw.
             Killed from afar by a cacodemon (30 damage)
             ... with a bolt of devastation
             ... on level 1 of the Abyss on Apr 20, 2024.
             The game lasted 01:55:50 (14611 turns).

Esekla the Magician (Demonspawn Wanderer)          Turns: 14611, Time: 01:55:51

Health: -16/89     AC: 11    Str: 11    XL:     12   Next: 1%
Magic:  22/22      EV: 12    Int: 18    God:    Uskayaw [*.....]
Gold:   645        SH:  0    Dex: 14    Spells: 9/24 levels left

rFire   . . .        w - +0 dagger (holy)
rCold   . . .        b - +0 buckler
rNeg    . . .        X - +0 steam dragon scales
rPois   +            (no helmet)
rElec   .            T - +0 cloak
rCorr   .            v - +0 pair of gloves
SInv    .            O - +0 pair of boots {Stlth+}
Will    .....        F - amulet of magic regeneration
Stlth   ++           W - ring of wizardry
HPRegen 0.34/turn    Q - ring of poison resistance
MPRegen 0.58/turn

%: wizardry (x1)
@: confused, about to teleport, weak-willed, ambrosia-drunk, fragile (+50%
incoming damage)
A: hooves 1, icy blue scales 2, icemail 1, powered by death 1, condensation
shield, screaming 1
a: Renounce Religion, Stomp


You were on level 1 of the Abyss.
You worshipped Uskayaw.
Uskayaw was noncommittal.
You visited 4 branches of the dungeon, and saw 14 of its levels.
You visited the Abyss 1 time.
You also visited: Ossuary.

You collected 794 gold pieces.
You spent 149 gold pieces at shops.

Inventory:

Hand Weapons
 a - a +5 scimitar
 r - the +5 spear of the Median {flame, rF+ rN+ MP+9}
   (You found it on level 9 of the Dungeon)

   rF+:       It protects you from fire.
   rN+:       It protects you from negative energy.
   MP+9:      It affects your magic capacity (+9).
 s - a +4 dagger
 w - a +0 dagger of holy wrath (weapon)
Missiles
 j - 40 poisoned darts (quivered)
 A - 3 javelins
 L - 7 curare-tipped darts
 R - 6 boomerangs
Armour
 b - a +0 buckler (worn)
 v - a +0 pair of gloves (worn)
 O - a +0 pair of boots of stealth (worn)
 T - a +0 cloak (worn)
 X - +0 steam dragon scales (worn)
Jewellery
 q - a ring of protection from cold
 B - the ring "Feigg" {rElec rF- rN++ Str+3 SInv}
   (You found it on level 11 of the Dungeon)

   [ring of see invisible]

   Str+3:     It affects your strength (+3).
   rF-:       It makes you vulnerable to fire.
   rElec:     It insulates you from electricity.
   rN++:      It greatly protects you from negative energy.
   SInv:      It lets you see invisible.
 F - an amulet of magic regeneration (around neck)
 Q - a ring of poison resistance (right hand)
 U - an amulet of faith
 W - a ring of wizardry (left hand)
Wands
 C - a wand of roots (8)
 K - a wand of flame (30)
 N - a wand of quicksilver (7)
 Z - a wand of mindburst (1)
Scrolls
 e - a scroll of torment {unknown}
 f - 4 scrolls of vulnerability {unknown}
 g - 3 scrolls of revelation {unknown}
 k - a scroll of silence {unknown}
 l - 2 scrolls of fog {unknown}
 m - 2 scrolls of blinking {unknown}
 n - 3 scrolls of enchant weapon {unknown}
 x - a scroll of fear {unknown}
 y - 4 scrolls of enchant armour {unknown}
 E - a scroll of brand weapon {unknown}
 G - a scroll of noise {unknown}
 H - a scroll of acquirement {unknown}
 J - 2 scrolls of immolation {unknown}
 M - 3 scrolls of amnesia {unknown}
 Y - 2 scrolls of butterflies {unknown}
Potions
 c - a potion of brilliance
 h - 2 potions of magic
 i - 2 potions of mutation
 o - 4 potions of enlightenment {unknown}
 p - 2 potions of might
 t - 2 potions of heal wounds {unknown}
 z - a potion of resistance {unknown}
 D - 3 potions of lignification
 I - 2 potions of ambrosia
 P - 3 potions of attraction
 S - 2 potions of cancellation {unknown}
 V - a potion of degeneration {unknown}


   Skills:
 * Level 6.7 Fighting
 + Level 2.6(3.8) Short Blades
 + Level 4.2(4.6) Long Blades
 + Level 4.4 Polearms
 + Level 1.7 Throwing
 + Level 4.3 Dodging
 + Level 4.8 Stealth
 * Level 6.7 Shields
 * Level 6.8 Spellcasting
 + Level 5.4 Conjurations
 * Level 6.2 Necromancy
 * Level 3.7 Translocations
 + Level 5.1 Air Magic
 + Level 5.6 Alchemy
 + Level 0.9 Evocations
 + Level 1.0 Shapeshifting


You had 9 spell levels left.
You knew the following spells:

 Your Spells              Type           Power      Damage    Failure   Level
a - Sting                 Conj/Alch      100%       1d9       1%          1
c - Mephitic Cloud        Conj/Alch/Air  25%        N/A       1%          3
i - Iskenderun's Mystic Conj/Tloc 22%            2d6        (+2d3     9%          4
u - Dispel Undead         Necr           28%        3d13      4%          4
w - Fugue of the Fallen   Necr           28%        N/A       1%          3

Your spell library contained the following spells:

 Spells                   Type           Power      Damage    Failure   Level
 Kiss of Death            Conj/Necr      100%       2d13      1%          1
 Swiftness                Air            24%        N/A       2%          3
 Animate Dead             Necr           28%        N/A       4%          4
 Ensorcelled Hibernation  Hex/Ice        12%        N/A       9%          2
 Anguish                  Hex/Necr       8%         N/A       16%         4
 Confusing Touch          Hex            6%         N/A       17%         3
 Passwall                 Erth           6%         N/A       17%         3
 Tukima's Dance           Hex            6%         N/A       17%         3
 Leda's Liquefaction      Alch/Erth      8%         N/A       17%         4
 Petrify                  Alch/Erth      16%        N/A       17%         4
 Dimensional Bullseye     Hex/Tloc       6%         N/A       26%         4
 Metabolic Englaciation   Hex/Ice        3%         N/A       82%         5
 Haunt                    Necr/Summ      8%         N/A       100%        7
 Infestation              Necr           14%        N/A       100%        8


Dungeon Overview and Level Annotations

Branches:
Dungeon (11/15)            Temple (1/1) D:6            Lair (1/5) D:10
    Orc (1/2) D:11        Ossuary (visited)

Altars:
Ashenzari
Cheibriados
Dithmenos
Fedhas
Gozag
Hepliaklqana
Kikubaaqudgha
Makhleb
Nemelex Xobeh
Okawaru
Qazlal
Ru
Sif Muna
Trog
Uskayaw
Vehumet
Wu Jian
Xom
Yredelemnul

Shops:
D:1 [   D:7 [   D:9 [

Annotations:
D:3 2 runed translucent doors, Grinder; Hsik's ghost, amateur TeAE
D:6 1 runed translucent door, hattop's ghost, amateur DrSh
D:9 acid dragon
Orc:1 Sonja


Innate Abilities, Weirdness & Mutations

You have large cloven feet.
You are mostly covered in icy blue scales. (AC +3)
A meltable icy envelope protects you from harm. (AC +0)
You regenerate a little health from kills.
A meltable shield of frost defends you. (SH +0)
You occasionally shout uncontrollably at your foes.


Message History

You feel the power of the Abyss delaying your translocation!
The hell hound is engulfed in noxious fumes.
The hell hound appears confused.
You are confused.
You feel invigorated. The cacodemon closely misses you. The cacodemon hits you.
* * * LOW HITPOINT WARNING * * *
The orange demon barely misses the large abomination.
The orange demon hits the large abomination but does no damage.
The hell hound bites the large abomination but does no damage.
The hell hound bites itself but does no damage.
The hell hound bites the hell hound.
Your +0 dagger of holy wrath sits dull and lifeless in your grasp.
w - a +0 dagger of holy wrath (weapon)
The orange demon stings the large abomination but does no damage.
The orange demon barely misses the large abomination.
The cacodemon gestures at you.
Your body becomes as fragile as glass!
You hit the cacodemon but do no damage.
The cacodemon is lightly wounded.
The hell hound bites the large abomination!
The cacodemon barely misses you. The cacodemon hits you!
* * * LOW HITPOINT WARNING * * *
The orange demon barely misses the hell hound.
The orange demon hits the hell hound.
The hell hound looks weaker.
The hell hound barely misses the hell hound.
The hell hound bites the orange demon.
Your magical contamination has completely faded away.
You are too confused!
Okay, then.
You bump into the rock wall.
The orange demon seems less confused.
The hell hound bites the hell hound.
The hell hound bites itself but does no damage.
The cacodemon closely misses you. x2
You closely miss the cacodemon.
The cacodemon is lightly wounded.
The hell hound seems less confused.
The cacodemon gestures at you. The bolt of devastation hits you!!
Your willpower is stripped away!
You die...
Your body falls in perfect tune with the rhythm.

.### ..... ##...# .
2 .3 #. #.....#
............#..
#...##.ß.#..
4....... #@# ..#. #
#...... ##2#.. ..
... .. . #
.#X4.#...... . .
.3.#hh....#.....
#.###......#........
#. ##.ß.#... #... .
# ###.. ##.... .....
#.....# ... ##.##..
##.. .......#


You could see a cacodemon, an orange demon, a large abomination and 2 hell
hounds.

Vanquished Creatures
  A boulder beetle (D:11)
  A cyclops (D:11)
  A black mamba (Lair:1)
  A gargoyle (D:10)
  A cane toad (Lair:1)
  A rime drake (Lair:1)
  6 komodo dragons
  Psyche (D:8)
  5 trolls
  A shadow (D:11)
  Sigmund (D:5)
  2 vampires
  2 wyverns
  29 yaks
  A steam dragon (D:9)
  An acid dragon (D:10)
  3 water moccasins (D:10)
  6 orc warriors
  A black bear (D:5)
  An ice beast (D:6)
  An ogre (D:4)
  7 centaurs
  3 kobold brigands
  A weeping skull (Ossuary)
  11 bullfrogs
  2 scorpions
  A gnoll sergeant (D:10)
  12 wights
  6 water moccasin zombies (Ossuary)
  7 killer bees (D:9)
  2 howler monkeys
  3 hounds
  A jelly (D:5)
  3 orc priests
  A gnoll bouda (D:8)
  2 sleepcaps
  A spectral scorpion (Ossuary)
  Ijyb (D:5)
  4 iguanas
  12 orc wizards
  A crocodile zombie (Ossuary)
  A bullfrog simulacrum (Ossuary)
  2 mummies (Ossuary)
  10 gnolls
  10 adders
  A white imp (D:8)
  5 adder zombies (Ossuary)
  2 dart slugs
  32 orcs
  6 endoplasms
  A giant cockroach (D:2)
  6 goblins
  10 hobgoblins
  9 kobolds
  5 quokkas
  7 ball pythons
  4 bats
  6 frilled lizards
  6 gnoll zombies (Ossuary)
  5 jackal zombies (Ossuary)
  3 orc zombies (Ossuary)
  5 rats
284 creatures vanquished.

Vanquished Creatures (others)
  A killer bee (D:9)
  An orc wizard (D:8)
  A gnoll (D:10)
3 creatures vanquished.

Grand Total: 287 creatures vanquished

Notes
Turn   | Place    | Note
-------+----------+-------------------------------------------
     0 | D:1      | Esekla the Demonspawn Wanderer began the quest for the Orb.
     0 | D:1      | Esekla set off with the following items: a +2 spear, a +0
                  | buckler, a potion of brilliance, a +0 robe; and the
                  | following spell memorised: Sting; and the following spells
                  | available to memorise: Mephitic Cloud.
     0 | D:1      | Reached XP level 1. HP: 13/13 MP: 4/4
    37 | D:1      | Gained mutation: You regenerate a little health from kills.
                  | [demonic ancestry]
    37 | D:1      | Reached XP level 2. HP: 17/19 MP: 0/6
    54 | D:1      | Found Veuluq's Armour Emporium.
   164 | D:1      | Reached skill level 1 in Air Magic
   359 | D:1      | Reached skill level 1 in Conjurations
   359 | D:1      | Reached XP level 3. HP: 24/24 MP: 5/7
   363 | D:1      | Learned a level 3 spell: Mephitic Cloud
   513 | D:2      | Found a faded altar of an unknown god.
   710 | D:2      | Prayed at the altar of an unknown god.
   710 | D:2      | Became a worshipper of Uskayaw the Reveller
   710 | D:2      | Reached * piety under Uskayaw
   716 | D:2      | Reached ** piety under Uskayaw
  1012 | D:2      | Gained mutation: You are partially covered in icy blue
                  | scales. (AC +2) [demonic ancestry]
  1012 | D:2      | Reached XP level 4. HP: 31/31 MP: 9/9
  1180 | D:3      | Found a runed translucent door.
  1180 | D:3      | Noticed Hsik's ghost (amateur TeAE)
  1302 | D:3      | Found a runed translucent door.
  1592 | D:3      | Found a hazy altar of Hepliaklqana.
  1603 | D:3      | Found a shadowy altar of Dithmenos.
  1603 | D:3      | Noticed a shadow
  1978 | D:3      | Noticed Grinder
  1986 | D:3      | Paralysed by Grinder for 4 turns
  2489 | D:4      | Reached skill level 1 in Fighting
  2535 | D:4      | Found a shimmering altar of Xom.
  2558 | D:4      | Reached skill level 1 in Alchemy
  2560 | D:4      | Gained mutation: You are mostly covered in icy blue scales.
                  | (AC +3) [demonic ancestry]
  2560 | D:4      | Reached XP level 5. HP: 37/37 MP: 7/10
  2568 | D:4      | Reached *** piety under Uskayaw
  2692 | D:4      | Noticed an ogre
  2718 | D:4      | Killed an ogre
  2719 | D:4      | Reached XP level 6. HP: 33/44 MP: 0/11
  3294 | D:5      | Entered Level 5 of the Dungeon
  3302 | D:5      | Noticed Ijyb
  3323 | D:5      | Killed Ijyb
  3362 | D:5      | Reached skill level 1 in Dodging
  3362 | D:5      | Reached skill level 1 in Stealth
  3829 | D:5      | Noticed Sigmund
  3928 | D:5      | Found an ancient bone altar of Kikubaaqudgha.
  3961 | D:5      | Found a bloodstained altar of Trog.
  3962 | D:5      | Found a radiant altar of Vehumet.
  4138 | D:5      | Gained mutation: A meltable shield of frost defends you.
                  | (SH +0) [demonic ancestry]
  4138 | D:5      | Reached XP level 7. HP: 47/51 MP: 9/12
  4263 | D:5      | Killed Sigmund
  4322 | D:6      | Found a sand-covered staircase.
  4350 | D:6      | Learned a level 3 spell: Fugue of the Fallen
  4374 | D:6      | Found a runed translucent door.
  4472 | Ossuary  | Entered an ossuary
  4573 | Ossuary  | Reached **** piety under Uskayaw
  4576 | Ossuary  | Reached XP level 8. HP: 35/58 MP: 14/14
  4623 | Ossuary  | Reached skill level 1 in Necromancy
  5646 | D:6      | Found a staircase to the Ecumenical Temple.
  5657 | Temple   | Entered the Ecumenical Temple
  6168 | D:6      | Noticed hattop's ghost (amateur DrSh)
  6188 | D:7      | Found Cirewnikk's Armour Boutique.
  6312 | D:7      | Reached skill level 1 in Short Blades
  6439 | D:7      | Gained mutation: You have large cloven feet. [demonic
                  | ancestry]
  6439 | D:7      | Reached XP level 9. HP: 40/65 MP: 15/15
  6588 | D:1      | Bought a +0 pair of boots of stealth for 149 gold pieces
  6984 | D:7      | Noticed a troll
  7022 | D:7      | Killed a troll
  7956 | D:8      | Noticed Psyche
  7965 | D:8      | Killed Psyche
  8443 | D:8      | Reached skill level 1 in Long Blades
  8450 | D:8      | Reached skill level 5 in Spellcasting
  8474 | D:8      | Reached skill level 5 in Conjurations
  8474 | D:8      | Reached skill level 5 in Necromancy
  8968 | D:9      | Found Nik Ocul's Armour Shoppe.
  9032 | D:9      | Gained mutation: A meltable icy envelope protects you from
                  | harm. (AC +0) [demonic ancestry]
  9032 | D:9      | Reached XP level 10. HP: 73/73 MP: 15/17
  9143 | D:9      | Identified the +5 spear of the Median {flame, rF+ rN+ MP+9}
  9358 | D:9      | Found a stormy altar of Qazlal.
  9733 | D:10     | Entered Level 10 of the Dungeon
  9775 | D:10     | Noticed a gargoyle
  9798 | D:10     | Reached skill level 5 in Alchemy
  9840 | D:9      | Reached skill level 5 in Air Magic
 10217 | D:10     | Reached skill level 5 in Fighting
 10223 | D:10     | Reached skill level 1 in Throwing
 10322 | D:10     | Found a staircase to the Lair.
 10457 | D:10     | Learned a level 4 spell: Iskenderun's Mystic Blast
 10548 | D:10     | Found a blossoming altar of Fedhas.
 10562 | D:10     | Found a hide-covered altar of Uskayaw.
 11086 | Lair:1   | Entered Level 1 of the Lair of Beasts
 11097 | Lair:1   | Reached skill level 5 in Shields
 11275 | Lair:1   | Reached skill level 1 in Translocations
 11286 | Lair:1   | Noticed a cane toad
 11291 | Lair:1   | Reached XP level 11. HP: 81/81 MP: 17/19
 11906 | Lair:1   | Reached ***** piety under Uskayaw
 12038 | Lair:1   | Identified the maw talisman of the Equator {Int+4}
 12770 | D:11     | Noticed a five-headed hydra
 13215 | D:11     | Learned a level 4 spell: Dispel Undead
 13413 | D:11     | Found a sparkling altar of Nemelex Xobeh.
 13481 | D:11     | Identified the ring "Feigg" {rElec rF- rN++ Str+3 SInv}
 13910 | D:11     | Noticed a boulder beetle
 13949 | D:11     | Killed a boulder beetle
 14275 | D:11     | Found a staircase to the Orcish Mines.
 14392 | D:11     | Reached XP level 12. HP: 89/89 MP: 20/22
 14551 | Orc:1    | Entered Level 1 of the Orcish Mines
 14571 | Orc:1    | Noticed Sonja
 14582 | Abyss:1  | Cast into level 1 of the Abyss (Sonja)
 14591 | Abyss:1  | Noticed a cacodemon
 14598 | Abyss:1  | Gained mutation: You occasionally shout uncontrollably at
                  | your foes. [a cacodemon]
 14611 | Abyss:1  | Killed from afar by a cacodemon

Illustrated notes

Levels and vault maps discovered:
D:1:      amcnicky_arrival_underground_garden, layout_rooms, serial_shops, shop,
          minmay_bisected
D:2:      layout_loops_cross, ebering_ecumenical_altar_sacrificial,
          minmay_vboxes
D:3:      layout_basic, riverfiend_overflow_shadow_ancestor,
          ebering_ghost_sewer_f, uniq_grinder
D:4:      layout_loops_corners, mainiacjoe_overflow_chevrons
D:5:      layout_cave_pods, nicolae_overflow_squiral,
          lemuel_coloured_pillars_altar, uniq_sigmund, uniq_ijyb
D:6:      layout_cave_pools, minmay_temple_entry_grid,
          ebering_ghost_reflecting_pool, enter_ossuary_2, minmay_quadrilaterals
D:7:      layout_basic, serial_shops,
          nicolae_shop_temple_entry_statues_fountains
D:8:      layout_basic, uniq_psyche
D:9:      layout_cave_pools, kennysheep_mini, serial_shops, shop,
          minmay_misc_feat_five
D:10:     layout_irregular_city, mainiacjoe_overflow_boulevard,
          nicolae_overflow_crystal_walls, due_lair_maze_entry_diamond,
          roderic_lattice_a, kennysheep_flooded_box
D:11:     layout_roguey, david_orc_4, grunt_decor_cap,
          nemelex_spade_bored_becter
Temple:   nicolae_temple_bog_church
Lair:1:   layout_cave_pods, minmay_stone_trees_small, lemuel_fruit_fields,
          lemuel_fruit_tree
Orc:1:    layout_caves, lightli_church_of_beogh, uniq_erolcha, uniq_sonja
Abyss:1:  base:
Lair:5

Skill      XL: |  1  2  3  4  5  6  7  8  9 10 11 |
---------------+----------------------------------+-----
Air Magic      | 1 2 3 4 5 |  5.1
Conjurations   | 1 2 3 4 5 |  5.4
Polearms       | 2 3 4 |  4.4
Fighting       | 1 2 3 4 5 6 |  6.7
Alchemy        | 1 3 4 5 |  5.6
Dodging        | 1 2 3 4 |  4.3
Stealth        | 1 2 3 4 |  4.8
Spellcasting   | 4 5 6 |  6.8
Necromancy     | 3 5 6 |  6.2
Short Blades   | 1 2 |  2.6
Shields        | 4 5 6 |  6.7
Long Blades    | 1 3 4 |  4.2
Throwing       | 1 |  1.7
Translocations | 1 3 |  3.7
Evocations     | |  0.9
Shapeshifting  | |  1.0

Action                     |  1- 3 |  4- 6 |  7- 9 | 10-12 || total
---------------------------+-------+-------+-------+-------++-------
  Melee: Spear             |    96 |   150 |   175 |    14 ||   435
         Dagger            |     1 |     1 |   461 |   157 ||   620
         Scimitar          |       |       |    37 |   176 ||   213
  Throw: Dart              |     1 |     1 |     7 |    25 ||    34
         Javelin           |       |       |    12 |     4 ||    16
         Boomerang         |       |       |    10 |    10 ||    20
   Cast: Sting             |     7 |    15 |    59 |   141 ||   222
         Mephitic Cloud    |       |     3 |    24 |    44 ||    71
         Fugue of the Fall |       |       |     4 |     8 ||    12
         Iskenderun's Myst |       |       |       |    14 ||    14
 Invoke: Line Pass         |       |       |     2 |       ||     2
  Evoke: Wand              |       |       |     7 |    23 ||    30
    Use: Scroll            |       |       |     6 |     2 ||     8
         Potion            |       |       |     5 |     7 ||    12
   Stab: Sleeping          |     2 |     1 |     1 |     2 ||     6
         Confused          |       |     2 |    19 |    26 ||    47
         Paralysed         |       |     1 |    13 |    12 ||    26
 Armour: Robe              |    25 |    91 |   289 |    31 ||   436
         Steam dragon scal |       |       |       |   216 ||   216
  Dodge: Dodged            |    31 |    63 |   218 |   176 ||   488
  Block: Buckler           |    11 |    28 |   204 |   186 ||   429

Table legend: (Time is in decaauts)
 A = Elapsed time spent in this place.
 B = Non-inter-level travel time spent in this place.
 C = Inter-level travel time spent in this place.
 D = Time resting spent in this place.
 E = Time spent auto-exploring this place.
 F = Levels seen in this place.
 G = Mean time per level.
                   A        B        C        D        E       F      G
               +--------+--------+--------+--------+--------+-----+--------+
         Total |  14674 |  14040 |    634 |   3194 |   3291 |  16 |  917.1 |
       Dungeon |  12044 |  11459 |    585 |   2199 |   2936 |  11 | 1094.9 |
        Temple |      1 |      1 |      0 |      0 |      0 |   1 |    1.0 |
          Lair |   1499 |   1451 |     48 |    520 |    338 |   1 | 1499.0 |
  Orcish Mines |     33 |     33 |      0 |      0 |      0 |   1 |   33.0 |
         Abyss |     29 |     29 |      0 |      0 |      0 |   1 |   29.0 |
       Ossuary |   1065 |   1065 |      0 |    475 |     17 |   1 | 1065.0 |
               +--------+--------+--------+--------+--------+-----+--------+

Top non-repeatable levels by time:
    D:10: 1800 daAuts
  Lair:1: 1499 daAuts
     D:8: 1415 daAuts
    D:11: 1397 daAuts
     D:6: 1214 daAuts
     D:3: 1092 daAuts
 Ossuary: 1065 daAuts
     D:5: 1064 daAuts
     D:4: 1023 daAuts
     D:7: 973 daAuts
     D:9: 743 daAuts
     D:2: 733 daAuts
     D:1: 586 daAuts
   Orc:1: 33 daAuts
 Abyss:1: 29 daAuts
